 Dungeon Crawl Stone Soup version 0.31-a0-868-g674d60d6f7 (console) character file.

Game seed: 1488675503202267812

1516319 questionabletactics the Hoplite (level 26, 218/218 HPs)
             Began as a Vampire Necromancer on Oct 11, 2023.
             Was the Champion of Kikubaaqudgha.
             Escaped with the Orb
             ... and 3 runes on Oct 12, 2023!
             The game lasted 04:16:32 (83867 turns).

questionabletactics the Hoplite (VpNe)             Turns: 83867, Time: 04:16:33

Health: 218/218    AC: 20    Str:  7    XL:     26   Next: 6%
Magic:  32/37      EV: 39    Int: 17    God:    Kikubaaqudgha [******]
Gold:   2098       SH: 43    Dex: 33    Spells: 12/46 levels left

rFire   + + .        a - +9 double sword (pain)
rCold   + + .        F - +8 tower shield {rF+}
rNeg    + + .        W - +4 Cigotuvi's embrace {Corpsefed rMiasma Drain rN+}
rPois   +            x - +2 helmet {SInv}
rElec   +            y - +2 cloak
rCorr   +            E - +2 pair of gloves
SInv    +            z - +3 pair of mountain boots {steadfast, rC+}
Will    +++..        I - amulet of Ifeattom {Reflect rCorr Dex+2 SH+5}
Stlth   ++           n - ring "Kudweeco" {rElec rF+ rN+ Dex+3 SInv}
HPRegen 0.76/turn    h - ring of Cujyjep {rC+ Will+ Dex+3}
MPRegen 0.25/turn

%: reflection
@: healing quickly, hasted, very quick
A: alive, fangs 3, see invisible, vampiric 2, deterioration 1, dopey 1, poison
resistance, MP-powered wands
0: Orb of Zot
}: 3/15 runes: serpentine, barnacled, silver
a: Exsanguinate, Renounce Religion, Unearth Wretches, Torment


You escaped.
You worshipped Kikubaaqudgha.
Kikubaaqudgha was exalted by your worship.
You visited 11 branches of the dungeon, and saw 51 of its levels.
You also visited: Volcano and Desolation.

You collected 7593 gold pieces.
You spent 5495 gold pieces at shops.

Inventory:

Hand Weapons
 a - a +9 double sword of pain (weapon)
 e - a +4 scimitar of flaming
 r - a +0 dagger
Missiles
 d - 6 throwing nets
 G - 13 curare-tipped darts
Armour
 x - a +2 helmet of see invisible (worn)
 y - a +2 cloak (worn)
 z - the +3 pair of mountain boots (worn) {steadfast, rC+}
   (You acquired it on level 5 of the Lair of Beasts)

   Steadfast: It prevents involuntary movement, except for blinking,
   teleportation, or banishment.
   rC+:       It protects you from cold.
 A - a +2 pair of boots of flying
 E - a +2 pair of gloves (worn)
 F - a +8 tower shield of fire resistance (worn)
 T - a +2 buckler of resistance
 W - the +4 Cigotuvi's embrace (worn) {Corpsefed rMiasma Drain rN+}
   (You bought it in a shop on level 4 of the Depths)

   Corpsefed: It gathers nearby corpses to temporarily increase the armour it
   provides.
   rMiasma:   It protects you from foul pestilence.
   rN+:       It protects you from negative energy.
   Drain:     It drains your maximum health when unequipped.
Jewellery
 h - the ring of Cujyjep (right hand) {rC+ Will+ Dex+3}
   (You took it off a servant of whispers in the Desolation of Salt)

   [ring of willpower]

   Dex+3:     It affects your dexterity (+3).
   rC+:       It protects you from cold.
   Will+:     It increases your willpower.
 n - the ring "Kudweeco" (left hand) {rElec rF+ rN+ Dex+3 SInv}
   (You took it off a guardian mummy on level 3 of the Crypt)

   [ring of positive energy]

   Dex+3:     It affects your dexterity (+3).
   rF+:       It protects you from fire.
   rElec:     It insulates you from electricity.
   rN+:       It protects you from negative energy.
   SInv:      It lets you see invisible.
 s - a +6 ring of intelligence
 u - the ring of Ciasy {Fly rF+ rN+ Dex+2 SInv}
   (You found it on level 3 of the Crypt)

   [ring of positive energy]

   Dex+2:     It affects your dexterity (+2).
   rF+:       It protects you from fire.
   rN+:       It protects you from negative energy.
   SInv:      It lets you see invisible.
   Fly:       It grants you flight.
 I - the amulet of Ifeattom (around neck) {Reflect rCorr Dex+2 SH+5}
   (You found it on level 10 of the Dungeon)

   [amulet of reflection]

   Reflect:   It reflects blocked missile attacks.
   Dex+2:     It affects your dexterity (+2).
   rCorr:     It protects you from acid and corrosion.
   SH+5:      It affects your SH (+5).
 Z - a +6 ring of strength
Wands
 i - a wand of roots (28)
 v - a wand of mindburst (18)
 C - a wand of polymorph (17)
 P - a wand of paralysis (33)
 R - a wand of digging (3)
 V - a wand of light (15)
Scrolls
 b - 3 scrolls of summoning
 f - 8 scrolls of teleportation
 t - 3 scrolls of silence
 w - 6 scrolls of fear
 B - a scroll of revelation
 J - a scroll of blinking
 L - 5 scrolls of vulnerability
 N - 3 scrolls of fog
 O - 6 scrolls of amnesia
Potions
 g - 3 potions of haste
 j - 5 potions of heal wounds
 l - 7 potions of might
 m - 3 potions of resistance
 o - 26 potions of curing
 p - 9 potions of brilliance
 q - 7 potions of enlightenment
 D - 2 potions of magic
 K - a potion of ambrosia
 M - 3 potions of invisibility
 Q - 3 potions of cancellation
 S - 4 potions of mutation
Miscellaneous
 c - a phial of floods
 k - a lightning rod (4/4)
 H - a sack of spiders
 U - a phantom mirror


   Skills:
 - Level 20.1 Fighting
 - Level 9.7(14.2) Short Blades
 - Level 15.2(16.1) Long Blades
 - Level 23.8 Dodging
 - Level 7.8 Stealth
 + Level 26.5 Shields
 - Level 10.5 Spellcasting
 - Level 17.9 Necromancy
 - Level 2.3 Translocations
 - Level 3.7 Earth Magic
 - Level 3.6 Evocations


You had 12 spell levels left.
You knew the following spells:

 Your Spells              Type           Power      Damage    Failure   Level
a - Necrotise             Necr           100%       1d9       0%          1
b - Vampiric Draining     Necr           63%        2d10      1%          3
c - Agony                 Necr           63%        N/A       1%          5
d - Blink                 Tloc           32%        N/A       8%          2
e - Animate Dead          Necr           63%        N/A       1%          4
f - Borgnjor's Vile Clut  Necr/Erth      22%        N/A       4%          5
g - Dispel Undead         Necr           63%        3d22      1%          4
h - Anguish               Hex/Necr       19%        N/A       3%          4
i - Death Channel         Necr           31%        N/A       1%          6

Your spell library contained the following spells:

 Spells                   Type           Power      Damage    Failure   Level
 Sublimation of Blood     Necr           63%        N/A       0%          2
 Kiss of Death            Conj/Necr      100%       2d13      1%          1
 Cigotuvi's Dreadful Rot  Necr/Pois/Air  58%        N/A       1%          2
 Lesser Beckoning         Tloc           32%        N/A       8%          2
 Passwall                 Tmut/Erth      12%        N/A       9%          2
 Momentum Strike          Conj/Tloc      24%        3d8       12%         2
 Freeze                   Ice            32%        1d5       13%         1
 Magic Dart               Conj           32%        1d4       13%         1
 Shock                    Conj/Air       32%        1d5       13%         1
 Slow                     Hex            32%        N/A       13%         1
 Summon Small Mammal      Summ           32%        N/A       13%         1
 Gell's Gravitas          Tloc           16%        N/A       16%         3
 Teleport Other           Tloc           16%        N/A       16%         3
 Call Imp                 Summ           16%        N/A       21%         2
 Ensorcelled Hibernation  Hex/Ice        16%        N/A       21%         2
 Jinxbite                 Hex            16%        N/A       21%         2
 Poisonous Vapours        Pois/Air       16%        N/A       21%         2
 Scorch                   Fire           16%        2d5       21%         2
 Searing Ray              Conj           16%        2d5       21%         2
 Static Discharge         Conj/Air       16%        2-3/arc   21%         2
 Wereblood                Tmut           8%         N/A       21%         2
 Call Canine Familiar     Summ           8%         N/A       36%         3
 Confusing Touch          Hex            8%         N/A       36%         3
 Dazzling Flash           Conj/Hex       16%        N/A       36%         3
 Frozen Ramparts          Ice            16%        1d3       36%         3
 Hailstorm                Conj/Ice       8%         3d4       36%         3
 Ignite Poison            Fire/Tmut/Pois 8%         N/A       36%         3
 Inner Flame              Hex/Fire       8%         N/A       36%         3
 Mephitic Cloud           Conj/Pois/Air  8%         N/A       36%         3
 Ozocubu's Armour         Ice            8%         N/A       36%         3
 Sigil of Binding         Hex            8%         N/A       36%         3
 Summon Guardian Golem    Hex/Summ       8%         N/A       36%         3
 Manifold Assault         Tloc           16%        N/A       45%         4
 Simulacrum               Ice/Necr       19%        N/A       45%         6
 Animate Armour           Summ/Erth      30%        N/A       52%         4
 Brom's Barrelling Bould  Conj/Erth      15%        2d4       52%         4
 Leda's Liquefaction      Hex/Erth       7%         N/A       52%         4
 Petrify                  Tmut/Erth      15%        N/A       52%         4
 Lee's Rapid Deconstruct  Erth           10%        3d8*      61%         5
 Dimensional Bullseye     Hex/Tloc       6%         N/A       63%         4
 Vhi's Electric Charge    Tloc/Air       24%        N/A       63%         4
 Fulminant Prism          Conj/Hex       4%         3d5       78%         4
 Sticky Flame             Conj/Fire      8%         2d3       78%         4
 Summon Ice Beast         Ice/Summ       8%         N/A       78%         4
 Summon Lightning Spire   Summ/Air       8%         N/A       78%         4
 Summon Forest            Summ/Tloc      6%         N/A       92%         5
 Arcjolt                  Conj/Air       4%         1d14      98%         5
 Freezing Cloud           Conj/Ice/Air   4%         6-21      98%         5
 Irradiate                Conj/Tmut      4%         3d13      98%         5
 Iskenderun's Battlesphe  Conj           8%         2d6       98%         5
 Metabolic Englaciation   Hex/Ice        4%         N/A       98%         5
 Silence                  Hex/Air        4%         N/A       98%         5
 Summon Mana Viper        Hex/Summ       8%         N/A       98%         5
 Yara's Violent Unravell  Hex/Tmut       4%         3d4       98%         5
 Bombard                  Conj/Erth      7%         9d2       100%        6
 Eringya's Noxious Bog    Tmut/Pois      4%         4d6       100%        6
 Plasma Beam              Fire/Air       4%         2x1d14    100%        6
 Starburst                Conj/Fire      4%         6d3       100%        6
 Summon Cactus Giant      Summ           4%         N/A       100%        6
 Enfeeble                 Hex            4%         N/A       100%        7
 Malign Gateway           Summ/Tloc      6%         N/A       100%        7
 Monstrous Menagerie      Summ           4%         N/A       100%        7
 Orb of Destruction       Conj           4%         9d5       100%        7
 Ozocubu's Refrigeration  Ice            4%         4d8       100%        7
 Spellforged Servitor     Conj/Summ      4%         N/A       100%        7
 Ignition                 Fire           4%         3d4       100%        8
 Lehudib's Crystal Spear  Conj/Erth      7%         10d3      100%        8
 Summon Horrible Things   Summ           4%         N/A       100%        8
 Chain Lightning          Conj/Air       4%         3d5       100%        9
 Dragon's Call            Summ           4%         N/A       100%        9
 Fire Storm               Conj/Fire      4%         8d1       100%        9
 Polar Vortex             Ice            4%         N/A       100%        9
 Shatter                  Erth           10%        3d12*     100%        9
 Borgnjor's Revivificati  Necr           Unusable   N/A       N/A         8
 Death's Door             Necr           Unusable   N/A       N/A         9

Dungeon Overview and Level Annotations

Branches:
Dungeon (15/15)            Temple (1/1) D:6            Lair (5/5) D:9
 Shoals (4/4) Lair:3        Snake (4/4) Lair:3        Slime (0/5) Lair:4
    Orc (2/2) D:9             Elf (3/3) Orc:2        Vaults (5/5) D:13
  Crypt (3/3) Vaults:3       Tomb (0/3) Crypt:3      Depths (4/4) D:15
    Zot (5/5) Depths:4    Volcano (visited)         Desolation (visited)

Altars:
Ashenzari
Cheibriados
Dithmenos
Fedhas
Gozag
Hepliaklqana
Kikubaaqudgha
Makhleb
Nemelex Xobeh
Okawaru
Qazlal
Ru
Sif Muna
Trog
Uskayaw
Vehumet
Wu Jian
Xom
Yredelemnul
Jiyva

Shops:
D:6 [   D:11 **   D:15 ?   Orc:2 *[(:   Elf:1 [   Elf:3 [   Shoals:1 !
Snake:3 !   Snake:4 [   Vaults:1 (!([!   Depths:3 [!(?   Depths:4 [=[

Portals:
Hell: Depths:1 Depths:2 Depths:3 Depths:4
Abyss: Depths:3
Pandemonium: Depths:2 Depths:4
Ziggurat: Depths:2
Trove: Vaults:2 (give 6 scrolls of fog)

Annotations:
D:15 Roxanne
Shoals:1 1 runed translucent door
Shoals:4 exclusion: upstairs
Elf:2 2 runed translucent doors


Innate Abilities, Weirdness & Mutations

Your natural rate of healing is accelerated.
You have razor-sharp teeth.
You have supernaturally acute eyesight. (SInv)
You are afflicted with vampirism and can become a bat while bloodless.
Your body sometimes deteriorates upon taking damage.
You are dopey. (Int -2)
Your system is resistant to poisons. (rPois)
You expend magic power (3 MP) to strengthen your wands.


Message History

There is a stone staircase leading down here.
There is a stone staircase leading up here.
You climb upwards.
There is a stone staircase leading down here.
There is a stone staircase leading up, spattered with blood here.
You climb upwards.
There is a stone staircase leading down here.
A Hell Sentinel comes into view.
You feel yourself speed up.
Aiming: Dig
Press: ? - help, Shift-Dir - straight line, f - you Please select a direction to dig.
This square is covered in magical glow.
You feel a surge of power!
The rock shatters into small pieces.
The Hell Sentinel gestures at you.
The sphere of damnation explodes!
The damnation engulfs you!
Aiming: Dig
Press: ? - help, Shift-Dir - straight line, f - you Please select a direction to dig.
This square is covered in magical glow.
You feel a surge of power!
The rock shatters into small pieces.
You see here a +0 dagger.
Aiming: Dig
Press: ? - help, Shift-Dir - straight line, f - you Please select a direction to dig.
This square is covered in magical glow.
You feel a surge of power!
The rock shatters into small pieces.
Aiming: Dig
Press: ? - help, Shift-Dir - straight line, f - you Please select a direction to dig.
This square is covered in magical glow.
You feel a surge of power!
The rock shatters into small pieces.
A rakshasa comes into view. It is wielding a +0 whip.
An orange demon comes into view.
The orange demon moves out of view.
You block the rakshasa's attack. You block the rakshasa's attack.
The rakshasa blinks!
There is a staircase leading out of the dungeon here.
You have escaped!

###.##..#####≈≈≈≈≈≈≈#####..#.##
...##.### #≈≈§.....≈≈≈# ###.#####
####.## #......(....# ##.#.##.. #
##.# ######(###### #.##.#### #
#.###### ####8'8#### ##.##.##
###.##§§.###.........###...##.#
..#.#§§§.##...........##....#.#
..#.#≈...##....(.......#....#.###
..#.+≈...'8.....@..§...4....'...#
)##.#§§..#'......R.....#....#.#..
.##.#≈≈.(##...........##....#.#..
.##.##≈..###.........###..4##.###
[.##.##### ###8#8'8### #####.##
.###.# ######'###### #.# .# #.##
#..§.....§§.# ##.# .# ##.###
#§≈≈.§§§§§≈≈# ###.###
.#####..#####≈§≈≈≈§§#####..##.#


You could see a rakshasa and an orange demon.

Vanquished Creatures
  2 dread liches
  5 ancient liches
  Mennas (Vaults:5)
  Mara (Depths:1)
  3 orbs of fire (Zot:5)
  A royal mummy (Crypt:3)
  Vv (Depths:2)
  A Killer Klown (Zot:5)
  Margery (Vaults:5)
  Frederick (Depths:4)
  A curse toe (Zot:5)
  Nikola (Shoals:4)
  5 golden dragons
  2 bone dragons (Crypt:1)
  An electric golem (Zot:5)
  12 tentacled monstrosities
  3 quicksilver dragons
  5 liches
  Jorgrun (Orc:1)
  22 Orb Guardians (Zot:5)
  Mlioglotl (Snake:4)
  2 titans (Vaults:5)
  2 deep elf blademasters (Elf:3)
  10 sphinxes
  2 Executioners
  2 deep elf master archers (Elf:3)
  3 krakens
  2 death cobs
  4 ancient champions
  3 storm dragons
  Aizul (Vaults:3)
  3 shadow dragons
  A storm dragon (shapeshifter) (Vaults:4)
  Ilsuiw (Shoals:3)
  4 draconian monks
  9 tengu reavers
  Donald (Shoals:1)
  5 revenants
  4 iron dragons
  5 nagarajas
  2 draconian knights
  10 fire giants
  12 frost giants
  3 deep elf sorcerers
  5 deep elf elementalists (Elf:3)
  4 draconian scorchers
  2 caustic shrike zombies
  3 curse skulls
  A ghost moth (Depths:4)
  2 balrugs
  18 vault wardens
  2 imperial myrmidons (Desolation)
  A draconian shifter (Depths:4)
  12 ghouls
  A juggernaut zombie (Crypt:2)
  4 draconian annihilators
  2 orc warlords
  23 ironbound preservers
  2 formless jellyfish
  2 caustic shrike skeletons (Crypt:1)
  2 war gargoyles
  The ghost of GigaChad the Severer, a journeyman FoFi (Lair:5)
  2 spriggan defenders (Depths:2)
  A draconian stormcaller (Zot:1)
  19 very ugly things
  12 vampire knights
  2 green draconians (Zot:5)
  4 deep elf demonologists
  4 ironbound thunderhulks
  24 stone giants
  The ghost of varamyr the Fighter, a journeyman DsFi of Okawaru (D:13)
  4 black draconians
  2 elemental wellsprings (Shoals:1)
  5 dire elephants (Vaults:1)
  6 yellow draconians
  17 deep elf annihilators
  A halazid warlock (Desolation)
  5 white draconians
  10 spark wasps
  7 merfolk javelineers
  4 red draconians
  9 purple draconians
  8 eidola
  12 ettins
  Snorg (Lair:4)
  9 merfolk impalers
  3 ragged hierophants (Desolation)
  8 deep elf death magi
  4 crystal guardians (Vaults:4)
  12 yaktaur captains
  A spriggan zombie (Crypt:2)
  A mummy priest (Crypt:3)
  3 deep elf high priests
  6 jiangshi
  8 fire dragons
  3 servants of whispers (Desolation)
  33 vault guards
  4 hydras
  3 salamander tyrants (Snake:4)
  6 ice dragons
  6 rakshasas
  3 great orbs of eyes
  4 peacekeepers
  4 merfolk avatars
  3 catoblepae
  A satyr (Shoals:4)
  An ogre mage (Vaults:5)
  8 centaur warriors
  9 ironbound frosthearts
  12 anacondas
  5 merfolk aquamancers
  7 two-headed ogres
  4 spriggan skeletons
  Erica (Orc:1)
  A boulder beetle (Lair:3)
  An alligator snapping turtle (Shoals:2)
  17 dancing weapons
  2 death knights
  12 naga warriors
  A bennu skeleton (Crypt:1)
  11 deep troll shamans
  13 death yaks
  A hell hog (Depths:1)
  8 naga sharpshooters
  6 deep troll earth magi
  4 spriggan berserkers
  7 tengu warriors
  2 orc high priests
  3 shock serpents
  Urug (Orc:2)
  6 vampire magi
  A soul eater (Crypt:3)
  16 hell knights
  13 deep elf knights
  3 sun demons
  6 skysharks
  A skyshark (shapeshifter) (D:15)
  43 skeletal warriors
  2 titan skeletons (Crypt:1)
  7 iron trolls
  15 sea snakes
  5 salamander mystics
  3 shadow wraiths
  A goliath frog (Lair:4)
  72 deep trolls
  4 flayed ghosts
  A sea snake (shapeshifter) (Vaults:4)
  13 deep elf archers
  A goliath frog (shapeshifter) (Vaults:4)
  4 glowing orange brains
  6 orc knights
  11 wizards
  15 lindwurms
  An anaconda skeleton (Crypt:1)
  Pikel (D:6)
  7 bog bodies
  18 harpies
  An orb spider (Zot:1)
  9 naga ritualists
  A shadow dragon zombie (Crypt:2)
  A broodmother zombie (Crypt:3)
  11 necromancers
  26 deep elf zephyrmancers
  26 deep elf pyromancers
  20 ugly things
  6 mana vipers
  A stone giant zombie (Crypt:2)
  A shadow dragon skeleton (Crypt:2)
  10 cyclopes
  16 phantasmal warriors
  11 salamanders
  18 ironbound convokers
  7 fauns
  5 orc sorcerers
  A cyclops (shapeshifter) (Vaults:4)
  A salamander (shapeshifter) (Elf:1)
  Joseph (D:8)
  4 elephants
  16 manticores
  4 merfolk sirens
  12 moths of wrath
  22 vault sentinels
  Maurice (D:8)
  A dire elephant zombie (Crypt:2)
  2 fire giant skeletons (Crypt:1)
  An iron dragon skeleton (Crypt:1)
  A frost giant skeleton (Crypt:3)
  A toenail golem (Volcano)
  2 guardian serpents
  12 naga magi
  34 black mambas
  9 water nymphs
  4 torpor snails (Depths:2)
  2 smoke demons
  A molten gargoyle (Desolation)
  A gargoyle (D:10)
  A dire elephant skeleton (Crypt:1)
  An orange demon (Depths:2)
  2 centaur skeletons (Crypt:1)
  Jeremiah (Lair:1)
  An orb spider zombie (Crypt:3)
  10 cane toads
  5 kobold demonologists
  5 unseen horrors
  7 rime drakes
  8 komodo dragons
  6 tengu conjurers
  28 yaktaurs
  An anaconda simulacrum (Crypt:2)
  3 efreet
  A death drake zombie (Crypt:2)
  17 freezing wraiths
  A tormentor (Depths:2)
  4 red devils (Depths:2)
  A harpy zombie (Zot:1)
  40 merfolk
  30 guardian mummies (Crypt:3)
  2 hellwings (Depths:2)
  10 wind drakes
  7 trolls
  4 harpy skeletons (Crypt:1)
  3 hornets
  11 blink frogs
  Grinder (D:4)
  2 polar bears
  6 snapping turtles
  A dream sheep (Lair:5)
  20 saltlings
  14 flying skulls (Crypt:1)
  33 slime creatures
  A culicivora (shapeshifter) (Elf:3)
  4 air elementals
  A jumping spider (Vaults:1)
  A slime creature (shapeshifter) (Vaults:5)
  A vampire (D:13)
  2 spriggans (Depths:3)
  A fire dragon skeleton (Crypt:1)
  2 ynoxinuls (Depths:2)
  An ice dragon skeleton (Crypt:1)
  A merfolk skeleton (Crypt:1)
  7 wraiths
  10 ushabtiu (Crypt:3)
  49 yaks
  9 water elementals
  6 wyverns
  3 basilisks
  5 fire elementals
  3 black mamba skeletons
  Grum (D:11)
  A golden eye (shapeshifter) (Depths:4)
  3 redbacks
  A wind drake skeleton (Crypt:2)
  19 vampire mosquitoes
  10 steam dragons
  5 chaos spawn
  A warg (Orc:2)
  A harpy simulacrum (Crypt:2)
  A skyshark zombie (Crypt:2)
  21 nagas
  A deep troll zombie (Crypt:1)
  6 large abominations
  Edmund (D:5)
  A warg (shapeshifter) (D:15)
  An entropy weaver zombie (Crypt:3)
  Duvessa (D:7)
  An acid dragon (D:14)
  14 water moccasins
  5 naga skeletons (Crypt:1)
  A water nymph skeleton (Crypt:1)
  2 black bears
  24 orc warriors
  6 ogres
  10 wolves
  A boggart (D:10)
  A swamp dragon skeleton (Crypt:2)
  13 centaurs
  A lemure (D:6)
  A phantom (D:4)
  2 elf zombies
  6 kobold brigands
  4 earth elementals
  7 bullfrogs
  A draconian skeleton (Crypt:3)
  3 necrophages
  A scorpion (D:5)
  2 wyvern skeletons (Crypt:3)
  Dowan (D:7)
  10 wights
  3 small abominations (Depths:3)
  6 killer bees (D:8)
  5 electric eels
  6 howler monkeys
  2 jellies (shapeshifter)
  9 hounds
  19 orc priests
  Crazy Yiuf (D:4)
  A gnoll bouda (D:5)
  3 iron imps (D:10)
  2 sleepcaps
  Ijyb (D:5)
  26 orc wizards
  6 iguanas
  Natasha (D:3)
  A hound zombie (Crypt:2)
  7 mummies (Crypt:3)
  7 adders
  5 white imps
  2 ufetubi
  A dart slug (D:2)
  70 orcs
  7 bats
  An endoplasm (shapeshifter) (Vaults:5)
  6 endoplasms
  9 goblins
  6 hobgoblins
  4 jackals (D:2)
  31 kobolds
  4 quokkas
  4 ball pythons
  5 frilled lizards
  A gnoll skeleton (Crypt:2)
  A quokka skeleton (Crypt:3)
  5 rats
  A river rat skeleton (Crypt:3)
  10 tentacles
2115 creatures vanquished.

Vanquished Creatures (collateral kills)
  A tengu reaver (Vaults:5)
  7 imperial myrmidons (Desolation)
  3 vault wardens
  An ironbound preserver (Vaults:1)
  4 ragged hierophants (Desolation)
  A yaktaur captain (Vaults:1)
  A merfolk avatar (Lair:5)
  6 servants of whispers (Desolation)
  A vault guard (Vaults:5)
  2 peacekeepers (Desolation)
  A human zombie (Desolation)
  A deep troll (Vaults:1)
  A flayed ghost (Crypt:3)
  A sea snake (Lair:5)
  2 ironbound convokers
  2 black mambas (Lair:5)
  2 guardian serpents (Desolation)
  A merfolk siren (Shoals:4)
  A vault sentinel (Vaults:1)
  A water nymph (Shoals:4)
  A cane toad (Lair:5)
  A yaktaur (Vaults:1)
  2 komodo dragons (Lair:5)
  A merfolk (Shoals:4)
  A wind drake (Lair:5)
  A hornet (Lair:5)
  29 saltlings (Desolation)
  4 dream sheep (Lair:5)
  3 fire elementals (Volcano)
  A naga (Snake:4)
  A water moccasin (Lair:5)
  A dart slug (D:2)
  2 orcs
  An endoplasm (D:2)
  A giant cockroach (D:2)
  A jackal (D:2)
  A frilled lizard (D:2)
92 creatures vanquished.

Vanquished Creatures (others)
  15 imperial myrmidons (Desolation)
  An ironbound thunderhulk (Vaults:1)
  A dire elephant (Vaults:1)
  A fire dragon (Depths:3)
  A centaur warrior (D:13)
  An ironbound frostheart (Vaults:1)
  A naga warrior (Snake:4)
  An ogre zombie (Vaults:1)
  3 wizards
  5 lindwurms (Volcano)
  2 deep elf pyromancers
  4 salamanders (Volcano)
  A guardian serpent (Snake:4)
  A black mamba (Snake:4)
  A dire elephant zombie (Vaults:1)
  2 naga magi (Snake:4)
  A cane toad (Lair:5)
  2 yaktaur zombies (Vaults:1)
  A rime drake (Lair:5)
  2 guardian serpent zombies
  A blink frog (Lair:5)
  A black mamba zombie (Snake:4)
  3 nagas (Snake:4)
  7 naga zombies (Snake:4)
  32 human zombies
  8 lindwurm zombies
  A wolf (Lair:5)
  A blink frog zombie (Lair:5)
  A rime drake zombie (Lair:5)
  5 salamander zombies (Volcano)
  A bullfrog (Lair:4)
  A water moccasin zombie (Lair:5)
  A wolf zombie (Lair:5)
  70 tentacles
180 creatures vanquished.

Grand Total: 2387 creatures vanquished

Notes
Turn   | Place    | Note
-------+----------+-------------------------------------------
     0 | D:1      | questionabletactics the Vampire Necromancer began the quest
                  | for the Orb.
     0 | D:1      | Reached XP level 1. HP: 13/13 MP: 3/3
   344 | D:1      | Reached XP level 2. HP: 19/19 MP: 0/5
  1277 | D:2      | Reached skill level 5 in Necromancy
  1277 | D:2      | Gained mutation: You are afflicted with vampirism and can
                  | become a bat while bloodless. [Vampire growth]
  1277 | D:2      | Reached XP level 3. HP: 20/24 MP: 2/7
  1357 | D:2      | Found a faded altar of an unknown god.
  1365 | D:2      | Learned a level 3 spell: Vampiric Draining
  2010 | D:2      | Reached XP level 4. HP: 30/30 MP: 5/8
  2836 | D:3      | Noticed Natasha
  2978 | D:3      | Found a hazy altar of Hepliaklqana.
  3045 | D:3      | Found an ornate altar of the Wu Jian Council.
  3383 | D:4      | Noticed Grinder
  3581 | D:4      | Reached XP level 5. HP: 24/35 MP: 2/10
  3778 | D:4      | Noticed a phantom
  4008 | D:4      | Found a hide-covered altar of Uskayaw.
  4009 | D:4      | Noticed a +0 dagger
  4009 | D:4      | Noticed a +0 dagger
  4172 | D:4      | Found a snail-covered altar of Cheibriados.
  4290 | D:5      | Entered Level 5 of the Dungeon
  4351 | D:5      | Noticed a centaur
  4500 | D:5      | Reached skill level 1 in Fighting
  4541 | D:5      | Reached skill level 1 in Evocations
  4541 | D:5      | Reached XP level 6. HP: 43/43 MP: 7/12
  4579 | D:5      | Found an opulent altar of Gozag.
  4681 | D:5      | Noticed Edmund
  4787 | D:5      | Reached skill level 1 in Short Blades
  5031 | D:5      | Noticed Ijyb
  5171 | D:5      | Killed Edmund
  5172 | D:5      | Reached XP level 7. HP: 51/52 MP: 13/13
  5515 | D:6      | Found a staircase to the Ecumenical Temple.
  5568 | D:6      | Found Janetog's Armour Shop.
  5708 | Temple   | Entered the Ecumenical Temple
  5991 | D:6      | Reached XP level 8. HP: 57/61 MP: 14/14
  6172 | D:6      | Noticed a two-headed ogre
  6180 | D:6      | Killed a two-headed ogre
  6261 | D:6      | Noticed Pikel
  6472 | D:7      | Reached skill level 5 in Stealth
  6472 | D:7      | Reached XP level 9. HP: 42/69 MP: 9/15
  6868 | D:7      | Found a blossoming altar of Fedhas.
  6985 | D:7      | Noticed Duvessa
  6986 | D:7      | Noticed Dowan
  7019 | D:7      | Killed Duvessa
  7021 | D:7      | Killed Dowan
  7679 | D:8      | Reached skill level 5 in Short Blades
  7683 | D:8      | Noticed Joseph
  7799 | D:8      | Noticed Maurice
  8068 | D:4      | Found a runed translucent door.
  8069 | D:4      | Noticed Crazy Yiuf
  8128 | D:4      | Killed Grinder
  8301 | D:4      | Found an ancient bone altar of Kikubaaqudgha.
  8398 | D:4      | Killed Crazy Yiuf
  8500 | D:4      | Became a worshipper of Kikubaaqudgha
  8618 | D:5      | Killed Ijyb
  8762 | D:6      | Found Janetog's Armour Shop.
  8920 | D:6      | Found a staircase to the Ecumenical Temple.
  8927 | D:6      | Killed Pikel
  9032 | D:8      | Killed Joseph
  9033 | D:8      | Reached skill level 10 in Necromancy
  9092 | D:8      | Maurice stole an amulet of magic regeneration
  9099 | D:8      | Maurice stole a +1 short sword of freezing
  9102 | D:8      | Killed Maurice
  9103 | D:8      | Reached XP level 10. HP: 71/76 MP: 16/16
  9869 | D:9      | Found a staircase to the Lair.
  9906 | D:9      | Reached * piety under Kikubaaqudgha
  9906 | D:9      | Received a gift from Kikubaaqudgha
 10263 | D:9      | Noticed a two-headed ogre
 10284 | D:9      | Killed a two-headed ogre
 10571 | D:9      | Found a sparkling altar of Nemelex Xobeh.
 10761 | D:9      | Found a staircase to the Orcish Mines.
 11068 | D:10     | Entered Level 10 of the Dungeon
 11258 | D:10     | Reached ** piety under Kikubaaqudgha
 11332 | D:10     | Found a runed translucent door.
 11342 | D:10     | Noticed a six-headed hydra
 11373 | D:10     | Reached XP level 11. HP: 51/83 MP: 17/17
 11483 | D:10     | Found a shimmering blue altar of Sif Muna.
 11507 | D:10     | Found a bloodstained altar of Trog.
 11511 | D:10     | Found an iron altar of Okawaru.
 11516 | D:10     | Found a radiant altar of Vehumet.
 11574 | D:9      | Learned a level 5 spell: Agony
 11577 | D:9      | Learned a level 2 spell: Blink
 11608 | Lair:1   | Entered Level 1 of the Lair of Beasts
 11778 | Lair:1   | Noticed Jeremiah
 11816 | Lair:1   | Killed Jeremiah
 11861 | Lair:1   | Reached skill level 5 in Spellcasting
 11963 | Lair:1   | Learned a level 4 spell: Animate Dead
 12116 | Lair:1   | Reached skill level 10 in Dodging
 12603 | Lair:2   | Noticed a catoblepas
 13270 | Lair:2   | Reached *** piety under Kikubaaqudgha
 13270 | Lair:2   | Received a gift from Kikubaaqudgha
 13699 | Lair:3   | Found a staircase to the Snake Pit.
 13894 | Lair:3   | Reached XP level 12. HP: 45/89 MP: 21/21
 14002 | Lair:3   | Identified the +10 spear of Giret {freeze, Str+4}
 14063 | Lair:3   | Noticed a boulder beetle
 14099 | Lair:3   | Killed a boulder beetle
 14166 | Lair:3   | Noticed a six-headed hydra
 14706 | Lair:3   | Reached skill level 1 in Shields
 14891 | Lair:3   | Found a staircase to the Shoals.
 14896 | Lair:3   | Reached skill level 2 in Shields
 15198 | Lair:4   | Noticed a catoblepas
 15202 | Lair:4   | Noticed Nessos
 15379 | Lair:4   | Noticed a four-headed hydra
 15379 | Lair:4   | Found a staircase to the Slime Pits.
 15379 | Lair:4   | Found a viscous altar of Jiyva.
 15396 | Lair:3   | Reached skill level 1 in Translocations
 15607 | Lair:3   | HP: 4/89 [poisoned by Nessos]
 15612 | Lair:3   | HP: 1/89 [poisoned by Nessos]
 16042 | Lair:4   | Nessos changed into Nessos the goliath frog
 16042 | Lair:4   | Noticed Nessos
 16113 | Lair:4   | Killed Nessos the goliath frog
 16202 | Lair:4   | Killed a catoblepas
 16296 | Lair:4   | Noticed a death yak
 16303 | Lair:5   | Entered Level 5 of the Lair of Beasts
 16369 | Lair:5   | Noticed a death yak
 16370 | Lair:5   | Noticed a death yak
 16370 | Lair:5   | Noticed a death yak
 16373 | Lair:5   | Noticed a death yak
 16374 | Lair:5   | Noticed a death yak
 16378 | Lair:5   | Noticed a death yak
 16402 | Lair:5   | Noticed a merfolk avatar
 16419 | Lair:5   | Killed a merfolk avatar
 16469 | Lair:5   | Noticed a catoblepas
 16485 | Lair:5   | Killed a catoblepas
 16546 | Lair:5   | Learned a level 5 spell: Borgnjor's Vile Clutch
 16548 | Lair:5   | Found a large runed translucent door.
 16548 | Lair:5   | Found a large runed translucent door.
 16581 | Lair:5   | Found a dark tunnel.
 16589 | Lair:5   | Reached XP level 13. HP: 94/94 MP: 25/25
 16632 | Volcano  | Entered a volcano
 17254 | Lair:5   | Reached skill level 1 in Earth Magic
 17380 | Lair:5   | Noticed GigaChad's ghost (journeyman FoFi)
 17388 | Lair:5   | Learned a level 4 spell: Dispel Undead
 17393 | Lair:5   | Killed GigaChad's ghost
 17993 | Lair:5   | Noticed a dire elephant
 18789 | Lair:5   | Identified the +7 trident of Unreason {holy, rElec Will+}
 19023 | Lair:5   | Identified a scroll of acquirement
 19023 | Lair:5   | Acquired the +3 pair of mountain boots {steadfast, rC+}
 19023 | Lair:5   | Found the +3 pair of mountain boots {steadfast, rC+}
 19040 | Lair:4   | Noticed Snorg
 19960 | D:10     | Found a shadowy altar of Dithmenos.
 20020 | D:10     | Found a burning altar of Makhleb.
 20300 | D:10     | Identified the amulet of Ifeattom {Reflect rCorr Dex+2
                  | SH+5}
 20367 | D:11     | Reached XP level 14. HP: 106/106 MP: 23/27
 20653 | D:11     | Found Rompieda's Demolitions Depot.
 20809 | D:11     | Reached **** piety under Kikubaaqudgha
 21077 | D:11     | Noticed Grum
 21088 | D:11     | Killed Grum
 21125 | D:11     | Found Axemixt's Assorted Antiques.
 21128 | D:11     | Bought a scroll labelled YFIAMM JOSCHOPP for 17 gold pieces
 21561 | D:12     | Reached skill level 15 in Necromancy
 21926 | D:12     | Noticed Sonja
 21927 | D:12     | Sonja changed into Sonja the black bear
 21927 | D:12     | Noticed Sonja
 21933 | D:12     | Killed Sonja the black bear
 22327 | Orc:1    | Entered Level 1 of the Orcish Mines
 22327 | Orc:1    | Noticed Erica
 22339 | Orc:1    | Killed Erica
 22340 | Orc:1    | Reached skill level 10 in Fighting
 22477 | Orc:2    | Entered Level 2 of the Orcish Mines
 22643 | Orc:1    | Noticed Jorgrun
 22689 | Orc:1    | Killed Jorgrun
 22689 | Orc:1    | Reached ***** piety under Kikubaaqudgha
 22850 | Orc:1    | Paralysed by an orc sorcerer for 2 turns
 23316 | Orc:2    | Noticed Urug
 23524 | Orc:2    | Killed Urug
 23817 | Orc:2    | Noticed an orc warlord
 23849 | Orc:2    | Killed an orc warlord
 24129 | Orc:2    | Found Ampounea's Antique Armour Shoppe.
 24182 | Orc:2    | Bought a runed hat for 203 gold pieces
 24223 | Orc:2    | Found a shimmering blue altar of Sif Muna.
 24313 | Orc:2    | Found a staircase to the Elven Halls.
 24411 | Orc:2    | Found Guppaafih's Book Shoppe.
 24426 | Orc:2    | Found Errekowy's Antique Weapon Shoppe.
 24566 | Orc:2    | Found Tiuxynk's General Store.
 24781 | D:3      | Killed Natasha
 25092 | D:13     | Found a runed translucent gate.
 25092 | D:13     | Found a runed translucent gate.
 25092 | D:13     | Found a runed translucent gate.
 25097 | D:13     | Noticed varamyr's ghost (journeyman DsFi)
 25297 | D:13     | Found a gate to the Vaults.
 25369 | D:13     | Reached skill level 3 in Shields
 26214 | D:13     | Reached XP level 15. HP: 111/118 MP: 28/28
 26373 | D:13     | Reached skill level 15 in Dodging
 26373 | D:13     | Reached skill level 4 in Shields
 26379 | D:13     | Learned a level 4 spell: Anguish
 26582 | D:13     | Killed varamyr's ghost
 26969 | Orc:2    | Bought a manual of Long Blades for 1040 gold pieces
 26985 | Orc:2    | Bought a double sword for 375 gold pieces
 27201 | D:14     | Reached skill level 1 in Long Blades
 27488 | D:15     | Entered Level 15 of the Dungeon
 27788 | D:15     | Reached skill level 5 in Long Blades
 27911 | D:15     | Reached ****** piety under Kikubaaqudgha
 28245 | D:15     | Noticed Roxanne
 28376 | D:15     | Found Xicasch's Magic Scroll Boutique.
 28384 | D:15     | Bought a scroll of teleportation for 45 gold pieces
 28427 | D:15     | Found a staircase to the Depths.
 29429 | Lair:4   | Killed Snorg
 29536 | Lair:4   | Reached skill level 10 in Long Blades
 30206 | Shoals:1 | Entered Level 1 of the Shoals
 30215 | Shoals:1 | Noticed Donald
 30293 | Shoals:1 | Killed Donald
 30638 | Shoals:1 | Found Ihoc's Distillery.
 30646 | Shoals:1 | Bought 2 potions of heal wounds for 170 gold pieces
 31349 | Shoals:2 | Identified a +7 double sword of pain (a +5 double sword of
                  | freezing bloodied by Kikubaaqudgha)
 31349 | Shoals:2 | Received a gift from Kikubaaqudgha
 31898 | Shoals:2 | Reached skill level 5 in Shields
 32304 | Orc:2    | Bought a +1 leather armour of poison resistance for 176
                  | gold pieces
 32439 | Snake:1  | Entered Level 1 of the Snake Pit
 33011 | Snake:1  | Reached skill level 6 in Shields
 33019 | Snake:1  | Reached XP level 16. HP: 116/125 MP: 15/29
 33918 | Snake:1  | Reached skill level 7 in Shields
 34862 | Snake:2  | Reached skill level 8 in Shields
 35565 | Snake:3  | Found Bes Fosa's Distillery.
 35594 | Snake:3  | Bought a potion of heal wounds for 75 gold pieces
 35594 | Snake:3  | Bought a potion of heal wounds for 75 gold pieces
 35809 | Snake:3  | Reached skill level 9 in Shields
 36508 | Snake:4  | Entered Level 4 of the Snake Pit
 36549 | Snake:4  | Found Nodaime's Antique Armour Shoppe.
 36552 | Snake:4  | Noticed Mlioglotl
 36609 | Snake:4  | Reached skill level 10 in Shields
 36614 | Snake:4  | Noticed a tentacled monstrosity
 36623 | Snake:4  | Killed Mlioglotl
 37244 | Snake:4  | Reached skill level 11 in Shields
 38510 | Snake:4  | Reached XP level 17. HP: 86/131 MP: 19/30
 39258 | Snake:4  | Got a serpentine rune of Zot
 39318 | Snake:4  | Reached skill level 12 in Shields
 40225 | Shoals:3 | Noticed Ilsuiw
 40791 | Shoals:3 | Killed Ilsuiw
 41068 | Shoals:3 | Noticed a kraken
 41214 | Shoals:3 | Noticed a kraken
 41280 | Shoals:3 | Killed a kraken
 41529 | Shoals:4 | Entered Level 4 of the Shoals
 41719 | Shoals:4 | Found the +10 zealot's sword {holy, Zealotry, *Rage rN+
                  | EV+3}
 42129 | Shoals:4 | Noticed Nikola
 42155 | Shoals:4 | Killed Nikola
 42283 | Shoals:3 | Noticed a kraken
 43267 | Shoals:4 | Got a barnacled rune of Zot
 43651 | Shoals:4 | Noticed a kraken
 43842 | Shoals:4 | Reached XP level 18. HP: 79/143 MP: 31/31
 45098 | Shoals:1 | Bought a potion of enlightenment for 85 gold pieces
 45291 | Elf:1    | Entered Level 1 of the Elven Halls
 45295 | Elf:1    | Paralysed by an air elemental for 1 turns
 45301 | Elf:1    | Paralysed by an air elemental for 1 turns
 45869 | Elf:1    | Found Otex Pua's Antique Armour Boutique.
 46060 | Elf:1    | Paralysed by an air elemental for 1 turns
 46068 | Elf:1    | Paralysed by an air elemental for 1 turns
 46190 | Elf:1    | Identified the +3 triple sword of Conscience {flame, rElec
                  | Str+3}
 46559 | Elf:1    | Paralysed by an air elemental for 1 turns
 46931 | Elf:1    | Got a tattered book
 47281 | Elf:2    | Identified the +7 chain mail "Hasomib" {Fly Regen+ Str-2
                  | Int+3 Dex+3}
 47394 | Elf:2    | Reached skill level 15 in Fighting
 47518 | Elf:2    | Found a runed translucent door.
 47588 | Elf:2    | Found a runed translucent door.
 47795 | Elf:3    | Entered Level 3 of the Elven Halls
 48004 | Vaults:1 | Entered Level 1 of the Vaults
 48412 | Vaults:1 | Found Ohow Axe's Antique Weapon Boutique.
 48794 | Vaults:1 | Found Lecwutrisi's Weapon Shop.
 49287 | Vaults:1 | Reached XP level 19. HP: 153/157 MP: 32/32
 49351 | Vaults:1 | Found Zentopp's Distillery.
 49359 | Vaults:1 | Bought a potion of heal wounds for 85 gold pieces
 49359 | Vaults:1 | Bought a potion of heal wounds for 85 gold pieces
 49359 | Vaults:1 | Bought a potion of heal wounds for 85 gold pieces
 49887 | Vaults:1 | Found Xaomaudwet's Distillery.
 49890 | Vaults:1 | Bought a potion of heal wounds for 95 gold pieces
 49890 | Vaults:1 | Bought a potion of heal wounds for 95 gold pieces
 49916 | Vaults:1 | Found Seuwebb's Armour Shoppe.
 50053 | Vaults:1 | Got a quavering book
 50968 | Vaults:2 | Found a portal to a secret trove of treasure.
 51009 | Vaults:2 | Paralysed by a formless jellyfish for 1 turns
 51023 | Vaults:2 | Paralysed by a formless jellyfish for 1 turns
 51155 | Vaults:2 | Found a crumbling gateway.
 51195 | Desolati | Entered the Desolation of Salt
 51739 | Desolati | Got a levitating book
 51803 | Desolati | Identified the ring of Sinwoebb {Fire Fly rPois Str-3
                  | Int+3}
 51998 | Desolati | Identified the ring of Cujyjep {rC+ Will+ Dex+3}
 52304 | Desolati | Identified the +5 plate armour of the Iron City of Dis
                  | {Str+3 SInv}
 52307 | Desolati | Identified the +0 swamp dragon scales of Rengofikk {rPois
                  | rF+ Will- SInv}
 52308 | Desolati | Identified the ring "Guas" {MP+9 Int+2}
 52955 | Shoals:1 | Found a runed translucent door.
 52958 | Shoals:1 | Identified the +6 quarterstaff of Racusch {pain, rElec rC+
                  | Str+3 Int+2}
 53443 | Vaults:2 | Reached skill level 13 in Shields
 54165 | Vaults:2 | Reached XP level 20. HP: 154/164 MP: 28/33
 55188 | Elf:3    | Reached skill level 14 in Shields
 55990 | Elf:3    | Identified the +3 leather armour "Qoyfeut" {+Blink Dex+3}
 56242 | Elf:3    | Identified the amulet "Bavvost" {Acrobat Int+3 Dex+3
                  | Slay+3}
 56415 | Elf:3    | Identified the +0 leather armour "Moasof" {rN+ Str+3}
 56424 | Elf:3    | Identified the +4 falchion "Imahunad" {heavy, Will+}
 56831 | Elf:3    | Identified the +8 arbalest "Meorafekk" {flame, rElec Str+4}
 57060 | Elf:3    | Got a murmuring book
 57140 | Elf:3    | Paralysed by an air elemental for 1 turns
 57143 | Elf:3    | Paralysed by an air elemental for 1 turns
 57372 | Elf:3    | Learned a level 6 spell: Death Channel
 57776 | Elf:3    | Found Kecvelygh's Antique Armour Boutique.
 58384 | Vaults:3 | Reached skill level 15 in Shields
 58943 | Vaults:3 | Found a staircase to the Crypt.
 59132 | Vaults:3 | Identified the +6 sling of Wyrd {heavy, rCorr}
 59224 | Vaults:3 | Noticed Aizul
 59236 | Vaults:3 | Killed Aizul
 59868 | Vaults:4 | Identified the +6 war axe "Iphu" {heavy, Str+3 Dex+3}
 60015 | Vaults:4 | Identified the +3 ring mail of the Heavens {*Slow rPois
                  | Stlth+}
 60027 | Vaults:4 | Reached XP level 21. HP: 171/171 MP: 34/34
 60324 | Vaults:4 | Paralysed by a formless jellyfish for 1 turns
 60578 | Vaults:4 | Reached skill level 16 in Shields
 61552 | Crypt:1  | Entered Level 1 of the Crypt
 62545 | Crypt:1  | Reached skill level 10 in Spellcasting
 62993 | Crypt:1  | Identified the +1 mace of Iturghepn {flame, *Corrode rC+
                  | Str+4 Int+3}
 64340 | Crypt:2  | Reached XP level 22. HP: 157/176 MP: 29/36
 64994 | Crypt:2  | Identified the +0 robe of Focus {rPois Int+3}
 65254 | Crypt:3  | Entered Level 3 of the Crypt
 65254 | Crypt:3  | Found a staircase to the Tomb.
 65818 | Crypt:3  | Reached skill level 15 in Long Blades
 66252 | Crypt:3  | Identified the ring "Kudweeco" {rElec rF+ rN+ Dex+3 SInv}
 66402 | Crypt:3  | Identified the +1 quarterstaff "Emy Kakh" {venom, Str+3}
 66402 | Crypt:3  | Noticed a royal mummy
 67027 | Crypt:3  | Killed a royal mummy
 67042 | Crypt:3  | Reached skill level 17 in Shields
 67495 | Crypt:3  | Got a peculiar book
 67498 | Crypt:3  | Got a quavering book
 67521 | Crypt:3  | Identified the staff of Quick Death {rElec Will+ Str+2 Air}
 67695 | Crypt:3  | Identified the ring of Nustrys {rC- rN+ Will+ rCorr}
 67829 | Crypt:3  | Identified the ring of Ciasy {Fly rF+ rN+ Dex+2 SInv}
 67829 | Crypt:3  | Identified the ring "Dek Xoo" {rC++ rN+}
 68132 | Depths:1 | Entered Level 1 of the Depths
 69056 | Depths:1 | Found a runed translucent door.
 69059 | Depths:1 | Found a radiant altar of Vehumet.
 69060 | Depths:1 | Noticed an ancient lich
 69443 | Depths:1 | Found a gateway to Hell.
 69791 | Depths:1 | Killed an ancient lich
 69806 | Depths:1 | Got a whispering book
 69913 | Depths:2 | Noticed Mara
 70183 | Depths:1 | Noticed questionabletactics's illusion
 70189 | Depths:1 | Killed Mara
 70330 | Depths:2 | Noticed Vv
 70345 | Depths:2 | Found a one-way gate leading to the halls of Pandemonium.
 70356 | Depths:2 | Killed Vv
 70645 | Depths:1 | Reached XP level 23. HP: 112/194 MP: 37/37
 71744 | Depths:2 | Found a one-way gateway to a ziggurat.
 72113 | Depths:2 | Reached skill level 18 in Shields
 72315 | Depths:2 | Found a snail-covered altar of Cheibriados.
 72926 | Depths:3 | Reached skill level 19 in Shields
 73260 | Depths:3 | Found a one-way gate to the infinite horrors of the Abyss.
 73273 | Depths:3 | Found Poit's Armour Shoppe.
 73275 | Depths:3 | Found Diunempi's Weapon Emporium.
 73275 | Depths:3 | Found Uskaaghaph's Distillery.
 73278 | Depths:3 | Found Toasaut's Magic Scroll Emporium.
 73294 | Depths:3 | Bought a scroll of teleportation for 51 gold pieces
 73297 | Depths:3 | Bought a potion of curing for 42 gold pieces
 73297 | Depths:3 | Bought a potion of haste for 140 gold pieces
 73297 | Depths:3 | Bought a potion of curing for 42 gold pieces
 74366 | Depths:3 | Reached skill level 20 in Shields
 74494 | Depths:4 | Entered Level 4 of the Depths
 74514 | Depths:4 | Noticed Frederick
 74523 | Depths:4 | Killed Frederick
 74594 | Depths:4 | Found Tyavu's Armour Emporium.
 74596 | Depths:4 | Found Dofimpe's Jewellery Shoppe.
 74599 | Depths:4 | Found Tuiwoets's Antique Armour Emporium.
 74606 | Depths:4 | Bought a smoking leather armour for 259 gold pieces
 74606 | Depths:4 | Identified the +1 leather armour of Dishonour {rElec rN+
                  | Dex-2} (You bought it in a shop on level 4 of the Depths)
 74613 | Depths:4 | Bought the +4 Cigotuvi's embrace {Corpsefed rMiasma Drain
                  | rN+} for 579 gold pieces
 74613 | Depths:4 | Found the +4 Cigotuvi's embrace {Corpsefed rMiasma Drain
                  | rN+}
 74877 | Depths:4 | Reached XP level 24. HP: 172/204 MP: 37/37
 75402 | Depths:4 | Found a gate to the Realm of Zot.
 75645 | Depths:4 | Got a well-preserved book
 76155 | Vaults:5 | Entered Level 5 of the Vaults
 76216 | Vaults:4 | Reached skill level 21 in Shields
 76338 | Vaults:5 | Noticed a dread lich
 76389 | Vaults:4 | Killed a dread lich
 76525 | Vaults:5 | Reached skill level 22 in Shields
 76974 | Vaults:5 | Noticed Margery
 77022 | Vaults:5 | Killed Margery
 77223 | Vaults:5 | Identified the +3 leather armour of Quat {rElec Str+2 Int+4
                  | Dex-5}
 77283 | Vaults:5 | Identified the +2 leather armour "Jousel" {rElec rF- Str+5
                  | Slay+3}
 77428 | Vaults:5 | Noticed Mennas
 77464 | Vaults:5 | Killed Mennas
 77465 | Vaults:5 | Noticed an ancient lich
 77474 | Vaults:5 | Killed an ancient lich
 77475 | Vaults:5 | Reached skill level 23 in Shields
 77516 | Vaults:5 | Noticed an ancient lich
 77522 | Vaults:5 | Killed an ancient lich
 77788 | Vaults:5 | Reached XP level 25. HP: 176/210 MP: 37/37
 78067 | Vaults:5 | Identified the +9 hand cannon "Wosohey" {flame, Drain rCorr
                  | Int+10}
 78476 | Vaults:5 | Got a silver rune of Zot
 79068 | Lair:5   | Reached skill level 24 in Shields
 79288 | Snake:3  | Bought a potion of curing for 45 gold pieces
 79288 | Snake:3  | Bought a potion of heal wounds for 75 gold pieces
 79288 | Snake:3  | Bought a potion of curing for 45 gold pieces
 79288 | Snake:3  | Bought a potion of curing for 45 gold pieces
 79288 | Snake:3  | Bought a potion of resistance for 150 gold pieces
 79288 | Snake:3  | Bought 2 potions of cancellation for 240 gold pieces
 79475 | D:11     | Bought a scroll of revelation for 127 gold pieces
 79640 | D:15     | Bought a scroll of revelation for 112 gold pieces
 79640 | D:15     | Bought a scroll of revelation for 112 gold pieces
 79640 | D:15     | Bought a scroll of fear for 60 gold pieces
 79803 | Vaults:1 | Bought a potion of curing for 57 gold pieces
 79803 | Vaults:1 | Bought 2 potions of mutation for 304 gold pieces
 79803 | Vaults:1 | Bought a potion of mutation for 152 gold pieces
 79803 | Vaults:1 | Bought a potion of mutation for 152 gold pieces
 80030 | Zot:1    | Entered Level 1 of the Realm of Zot
 80398 | Depths:4 | Gained mutation: You have hidden genetic defects.
                  | [mutagenic glow]
 80416 | Depths:4 | Gained mutation: You expend magic power (3 MP) to
                  | strengthen your wands. [mutagenic glow]
 80443 | Depths:4 | Gained mutation: You occasionally lose the ability to read
                  | scrolls when taking damage. [mutagenic glow]
 80519 | Depths:4 | Lost mutation: You have hidden genetic defects. [potion of
                  | mutation]
 80519 | Depths:4 | Lost mutation: You expend magic power (3 MP) to strengthen
                  | your wands. [potion of mutation]
 80519 | Depths:4 | Lost mutation: You occasionally lose the ability to read
                  | scrolls when taking damage. [potion of mutation]
 80519 | Depths:4 | Gained mutation: You passively map a small area around you.
                  | [potion of mutation]
 80519 | Depths:4 | Gained mutation: Your mind is acute. (Int +4, Str/Dex -1)
                  | [potion of mutation]
 80519 | Depths:4 | Gained mutation: Your magical capacity is low. (-10% MP)
                  | [potion of mutation]
 80519 | Depths:4 | Gained mutation: You possess an exceptional clarity of
                  | mind. [potion of mutation]
 81816 | Zot:5    | Entered Level 5 of the Realm of Zot
 81867 | Zot:5    | Reached skill level 25 in Shields
 82026 | Zot:5    | Noticed an orb of fire
 82026 | Zot:5    | Lost mutation: You possess an exceptional clarity of mind.
                  | [an orb of fire]
 82029 | Zot:5    | Gained mutation: You sometimes lose your temper in combat.
                  | [an orb of fire]
 82036 | Zot:5    | Killed an orb of fire
 82258 | Zot:5    | Lost mutation: Your mind is acute. (Int +4, Str/Dex -1)
                  | [potion of mutation]
 82258 | Zot:5    | Lost mutation: Your magical capacity is low. (-10% MP)
                  | [potion of mutation]
 82258 | Zot:5    | Lost mutation: You sometimes lose your temper in combat.
                  | [potion of mutation]
 82258 | Zot:5    | Gained mutation: You are strong-willed. (Will+) [potion of
                  | mutation]
 82258 | Zot:5    | Gained mutation: Your mind is acute. (Int +4, Str/Dex -1)
                  | [potion of mutation]
 82258 | Zot:5    | Gained mutation: Your movements are slightly less
                  | encumbered by armour. (ER -2) [potion of mutation]
 82436 | Zot:5    | Identified the +6 morningstar "Mejeen" {elec, rElec rPois
                  | Will+ Str+2}
 82744 | Zot:5    | Noticed an ancient lich
 82809 | Zot:5    | Killed an ancient lich
 82889 | Zot:5    | Noticed an orb of fire
 82892 | Zot:5    | Lost mutation: Your mind is acute. (Int +4, Str/Dex -1) [an
                  | orb of fire]
 82910 | Zot:5    | Gained mutation: Your body sometimes deteriorates upon
                  | taking damage. [an orb of fire]
 82911 | Zot:5    | Gained mutation: You are frail. (-10% HP) [an orb of fire]
 82913 | Zot:5    | Killed an orb of fire
 82913 | Zot:5    | Noticed a Killer Klown
 82935 | Zot:5    | Killed a Killer Klown
 82938 | Zot:5    | Noticed an orb of fire
 82940 | Zot:5    | Noticed a dread lich
 82950 | Zot:5    | Lost mutation: You passively map a small area around you.
                  | [an orb of fire]
 82954 | Zot:5    | Killed a dread lich
 82959 | Zot:5    | Noticed an ancient lich
 82968 | Zot:5    | Killed an orb of fire
 82969 | Zot:5    | Reached skill level 26 in Shields
 82970 | Zot:5    | Killed an ancient lich
 83146 | Zot:5    | Lost mutation: You are frail. (-10% HP) [potion of
                  | mutation]
 83146 | Zot:5    | Lost mutation: Your movements are slightly less encumbered
                  | by armour. (ER -2) [potion of mutation]
 83146 | Zot:5    | Lost mutation: You are strong-willed. (Will+) [potion of
                  | mutation]
 83146 | Zot:5    | Gained mutation: You are dopey. (Int -2) [potion of
                  | mutation]
 83146 | Zot:5    | Gained mutation: You expend magic power (3 MP) to
                  | strengthen your wands. [potion of mutation]
 83263 | Zot:5    | Reached XP level 26. HP: 204/218 MP: 37/37
 83318 | Zot:5    | Got the Orb of Zot
 83478 | Depths:3 | Gained mutation: Your system is resistant to poisons.
                  | (rPois) [a neqoxec]
 83618 | D:13     | Noticed Vacemuh the pandemonium lord
 83867 | D:$      | Escaped with the Orb!

Illustrated notes

Levels and vault maps discovered:
D:1:      dpeg_arrival_morbid_curiosity, layout_loops_ring
D:2:      layout_basic, chequers_ecumenical_altar_island
D:3:      layout_basic, mainiacjoe_overflow_catch_the_wave, minmay_crystal_room,
          uniq_natasha
D:4:      layout_basic, mainiacjoe_overflow_brackets, marbit_many_paths,
          dancing_weapons_uskayaw, zin_statuary, uniq_grinder,
          uniq_crazy_yiuf_cottage
D:5:      layout_rooms, old_standard_altar, minmay_quadrilaterals, uniq_ijyb,
          uniq_edmund
D:6:      layout_basic, elyvilon_altar_5, temple_doors_e, serial_shops,
          kennysheep_little_box, uniq_pikel
D:7:      layout_layer_cave, mainiacjoe_overflow_cross_hatched, uniq_duvessa
D:8:      layout_rooms, uniq_maurice, uniq_joseph
D:9:      layout_loops_ring, nemelex_spade_bored_becter, erik_lair_island,
          orc_david_3, hangedman_abyss_or_decor_passed
D:10:     layout_roguey, mainiacjoe_overflow_chevrons, demons_altar,
          nicolae_overflow_macrodata_refinement, minivault_13
D:11:     layout_basic, serial_shops, shop, nicolae_blasting_shop, uniq_grum
D:12:     layout_irregular_city, chequers_decorated_corner,
          nicolae_two_hexagons, uniq_sonja
D:13:     layout_stronghold, erik_vaults_1, gammafunk_ghost_spectres
D:14:     layout_rooms, nicolae_figureground_sparkle
D:15:     hellmonk_depths_entry_around_the_bend, layout_small_grid,
          serial_shops, shop, uniq_roxanne
Temple:   hellmonk_temple_rainy
Lair:1:   layout_big_grid, grunt_megastairs_1, uniq_jeremiah
Lair:2:   layout_chaotic_city, chequers_serial_rivers_small_a
Lair:3:   layout_cave_pods, elwin_shoals_entry_rooms,
          guppyfry_snake_entry_island, nzn_sisyphean_effort
Lair:4:   layout_big_grid, slime_entry_1, minivault_19, uniq_snorg, uniq_nessos
Lair:5:   gammafunk_lair_ancient_temple, layout_regular_city,
          ebering_ghost_disaster_area, nicolae_volcano_entry_vermiform,
          lemuel_fruit_tree
Shoals:1: nicolae_shoals_offshore_bank_account, layout_shoals, serial_shops,
          shop, nicolae_shoals_spring_well_temple, uniq_donald
Shoals:2: layout_shoals, nicolae_shoals_drake_roost
Shoals:3: nicolae_shoals_lighthouse, layout_shoals, nicolae_shoals_gull_way,
          uniq_ilsuiw
Shoals:4: shoals_end_simple, layout_shoals, uniq_nikola
Snake:1:  layout_layer_cave, nicolae_snake_snake_lake
Snake:2:  layout_cave_town, serial_bayou_pond_c, nicolae_triple_integral
Snake:3:  layout_grid_maze, serial_shops, nicolae_shop_hallway_stairs,
          serial_bayou_shore_b
Snake:4:  snake_pit, layout_onion_interference, serial_shops, shop_fountains,
          grunt_ministairs_1, nicolae_zig_zag_zippers, uniq_mlioglotl
Orc:1:    layout_caves, serial_shops, uniq_erica, uniq_jorgrun
Orc:2:    grunt_orc_cross, layout_diamond_mine, led_sif_book
Elf:1:    minmay_elf_arrival_plus, layout_geoelf_grid, serial_shops, shop,
          minmay_elf_demonology, minmay_the_grid_2x2 [minmay_the_grid_paths,
          minmay_the_grid_holed_spiral, minmay_the_grid_eight,
          minmay_the_grid_prize_inner_circle]
Elf:2:    elven_hall_of_blades_hangedman_original
          [nicolae_blade_entry_splitting_headache], layout_geoelf_grid
Elf:3:    grunt_elf_hall_diamonds, layout_loops_corners, serial_shops, shop
Vaults:1: st_diamondy, vaults_mumra_minichess_inversion,
          nicolae_vaults_network_s, ontoclasm_vaults_eye, v_misc_17,
          hangedman_vaults_cutoff, v_misc_9, v_misc_24, vaults_room_semicircle,
          nicolae_vaults_border_crossing, layout_vaults_chaotic_city,
          serial_shops, nicolae_shop_just_a_little_nook,
          nicolae_shop_pleasant_corner_grove, nicolae_shop_real_fake_doors,
          shop, shop
Vaults:2: portal_desolation_entry_salt, v_misc_5,
          nicolae_vaults_shrinking_rooms_2, hangedman_vaults_locks,
          grunt_vaults_twisty, v_misc_16, nicolae_vaults_prndl, v_rooms_3,
          vaults_standard_mumra_x, vaults_dpeg_doors,
          nicolae_vaults_circle_grid_a, vaults_dpeg_emergency_exit,
          nicolae_vaults_little_squares_2, layout_vaults_omnibox, enter_trove_3
Vaults:3: nicolae_vaults_apartment_1, nicolae_vaults_little_squares_4,
          hangedman_vaults_impose, minmay_crypt_entry_simple_sparse,
          nicolae_vaults_tetromino_T_1, v_misc_8, nicolae_vaults_wine_cellar,
          nicolae_vaults_trapezoid_lopsided_4, v_alt_pattern_4,
          vaults_mumra_hexcomb, layout_vaults_omnigrid, uniq_aizul
Vaults:4: hangedman_vaults_snaps, hangedman_vaults_corner,
          ontoclasm_vaults_twist, v_misc_13, hangedman_vaults_river_flow,
          nicolae_vaults_ellipses_ellipsis, ontoclasm_vaults_misaligned,
          v_alt_pattern_4, v_misc_30, v_misc_32,
          nicolae_vaults_loss_of_containment, nicolae_vaults_tangram_1,
          layout_vaults_maze
Vaults:5: uniq_mennas, uniq_margery
Crypt:1:  minmay_skeleton_keep, layout_basic
Crypt:2:  layout_chaotic_city, roderic_lattice_octagonal_star
Crypt:3:  due_elkab, layout_chaotic_city
Depths:1: layout_gridlike, hangedman_decor_push, hellmouth_1,
          grunt_absolute_annihilation
Depths:2: pf_snail_temple, layout_gridville, enter_ziggurat_c, serial_rivers,
          chequers_serial_rivers_large_a, chequers_serial_rivers_micro_d,
          chequers_serial_rivers_room_b, chequers_serial_rivers_room_a,
          lightli_too_deep, grunt_pan_entry_in_and_out,
          infiniplex_staircase_river, uniq_mara, uniq_vv
Depths:3: minmay_box_of_statues, layout_cave_shapes, minmay_room_of_horrors,
          hangedman_coc_ice_floe, chequers_serial_rivers_small_3,
          minmay_variable_closet, minmay_shoptagon, minmay_staircase_bubble,
          grunt_megastairs_5, firewood_loft, serial_bayou_shore_b
Depths:4: grunt_zot_entry_tricorne, layout_honeycomb, rand_demon_pan_entry_5,
          hell_entry, minmay_shop_star, uniq_frederick
Zot:1:    hangedman_orp_of_zott, layout_basic
Zot:2:    layout_twisted_circle, hellmonk_body_bag, uniq_grunn
Zot:3:    layout_cathedral_of_symmetry
Zot:4:    layout_concentric_octagons
Zot:5:    layout_basic, st_stairs_6

Skill      XL: |  1  2  3  4  5  6  7  8  9 10 11 12 13 14 15 16 17 18 19 20 21 22 23 24 25 |
---------------+----------------------------------------------------------------------------+-----
Necromancy     | 5 6 10 11 14 15 16 17 | 17.9
Spellcasting   | 3 4 6 8 9 10 | 10.5
Fighting       | 1 3 4 6 8 11 13 16 17 19 20 | 20.1
Evocations     | 1 3 |  3.6
Short Blades   | 3 4 5 8 9 |  9.7
Dodging        | 4 6 9 11 12 13 14 15 16 17 20 22 23 | 23.8
Stealth        | 5 7 |  7.8
Shields        | 2 3 6 11 12 13 15 16 17 20 23 26 | 26.5
Translocations | 2 |  2.3
Earth Magic    | 3 |  3.7
Long Blades    | 12 13 14 15 | 15.2

Action                     |  1- 3 |  4- 6 |  7- 9 | 10-12 | 13-15 | 16-18 | 19-21 | 22-24 | 25-27 || total
---------------------------+-------+-------+-------+-------+-------+-------+-------+-------+-------++-------
  Melee: Short sword       |     3 |       |       |       |    16 |       |       |       |       ||    19
         Dagger            |       |    64 |   263 |   701 |  1299 |       |       |       |       ||  2327
         Bite              |       |     8 |    40 |   115 |   239 |   192 |   280 |   405 |   145 ||  1424
         Punch             |       |     1 |     2 |    16 |       |       |       |       |       ||    19
         Scimitar          |       |       |       |       |    24 |       |       |       |       ||    24
         Double sword      |       |       |       |       |    86 |  1280 |  1466 |  1912 |   647 ||  5391
  Throw: Dart              |       |       |       |       |     3 |     2 |       |       |       ||     5
   Cast: Necrotise         |    80 |    94 |    46 |    12 |       |       |       |       |       ||   232
         Vampiric Draining |       |     4 |    10 |    37 |    37 |     5 |       |       |       ||    93
         Agony             |       |       |       |    23 |    31 |       |       |       |       ||    54
         Animate Dead      |       |       |       |     2 |     2 |     1 |     3 |       |       ||     8
         Dispel Undead     |       |       |       |       |    51 |     2 |   114 |   121 |    18 ||   306
         Borgnjor's Vile C |       |       |       |       |    40 |   120 |    21 |     9 |       ||   190
         Blink             |       |       |       |       |     1 |     1 |     2 |     7 |     3 ||    14
 Invoke: Unearth Wretches  |       |       |       |     1 |     4 |     2 |     8 |       |       ||    15
         Brand Weapon With |       |       |       |       |     1 |       |       |       |       ||     1
  Evoke: Wand              |       |       |    20 |    36 |    13 |    16 |     4 |     4 |    16 ||   109
         Lightning rod     |       |       |       |       |       |     4 |       |       |       ||     4
         Phantom mirror    |       |       |       |       |       |     2 |     1 |     2 |       ||     5
         Phial of floods   |       |       |       |       |       |     1 |       |       |       ||     1
         Sack of spiders   |       |       |       |       |       |     2 |       |       |       ||     2
    Use: Scroll            |       |     8 |     5 |     7 |    22 |    10 |    13 |     3 |    18 ||    86
         Potion            |       |       |     2 |       |    10 |     9 |     7 |     5 |    15 ||    48
   Stab: Sleeping          |       |     1 |     4 |     8 |    23 |    23 |    23 |     6 |     4 ||    92
         Invisible         |       |       |     2 |       |     2 |       |       |    11 |       ||    15
         Distracted        |       |       |       |     3 |     4 |     6 |     6 |     7 |       ||    26
         Petrified         |       |       |       |     4 |       |       |       |       |       ||     4
         Paralysed         |       |       |       |       |     1 |       |     2 |       |     1 ||     4
         Held in net/web   |       |       |       |       |       |     1 |       |       |       ||     1
         Confused          |       |       |       |       |       |       |       |     1 |       ||     1
 Armour: Robe              |    11 |    42 |    64 |       |       |       |       |       |       ||   117
         Steam dragon scal |       |       |    39 |       |       |       |       |       |       ||    39
         Leather armour    |       |       |     9 |   270 |   506 |   586 |   405 |   390 |   154 ||  2320
         Ring mail         |       |       |       |       |       |       |       |     2 |       ||     2
  Dodge: Dodged            |     5 |    37 |   121 |   345 |   683 |   715 |   958 |  1168 |   397 ||  4429
  Block: Other             |     1 |    21 |    37 |    74 |       |       |       |       |       ||   133
         Reflection        |       |     2 |     3 |     6 |    22 |    98 |    45 |    26 |    12 ||   214
         Buckler           |       |       |       |    63 |   521 |   129 |       |       |       ||   713
         Kite shield       |       |       |       |       |       |  1043 |  1438 |  1865 |   117 ||  4463
         Tower shield      |       |       |       |       |       |       |       |       |   823 ||   823

Table legend: (Time is in decaauts)
 A = Elapsed time spent in this place.
 B = Non-inter-level travel time spent in this place.
 C = Inter-level travel time spent in this place.
 D = Time resting spent in this place.
 E = Time spent auto-exploring this place.
 F = Levels seen in this place.
 G = Mean time per level.
                   A        B        C        D        E       F      G
               +--------+--------+--------+--------+--------+-----+--------+
         Total |  82799 |  75124 |   7675 |  21608 |  31420 |  53 | 1562.2 |
       Dungeon |  20363 |  17138 |   3225 |   3851 |   8913 |  15 | 1357.5 |
        Temple |     13 |     13 |      0 |      0 |      0 |   1 |   13.0 |
          Lair |   9022 |   7701 |   1321 |   2444 |   3043 |   5 | 1804.4 |
        Shoals |   8257 |   7582 |    675 |   2711 |   2514 |   4 | 2064.2 |
     Snake Pit |   7121 |   6813 |    308 |   2052 |   2924 |   4 | 1780.2 |
  Orcish Mines |   2622 |   2177 |    445 |    427 |    917 |   2 | 1311.0 |
   Elven Halls |   5997 |   5742 |    255 |   2190 |   2154 |   3 | 1999.0 |
        Vaults |  10713 |   9915 |    798 |   2559 |   4231 |   5 | 2142.6 |
         Crypt |   6180 |   6002 |    178 |   1732 |   2307 |   3 | 2060.0 |
        Depths |   8181 |   7724 |    457 |   1473 |   4273 |   4 | 2045.2 |
           Zot |   2612 |   2605 |      7 |   1494 |      0 |   5 |  522.4 |
       Volcano |    516 |    516 |      0 |    295 |      0 |   1 |  516.0 |
    Desolation |   1195 |   1195 |      0 |    374 |    142 |   1 | 1195.0 |
               +--------+--------+--------+--------+--------+-----+--------+

Top non-repeatable levels by time:
   Elf:3: 3389 daAuts
Vaults:1: 3227 daAuts
  Lair:3: 3039 daAuts
 Snake:4: 2570 daAuts
 Crypt:3: 2517 daAuts
Shoals:3: 2502 daAuts
  Lair:5: 2304 daAuts
Depths:1: 2281 daAuts
Vaults:5: 2248 daAuts
Shoals:4: 2197 daAuts
    D:13: 2189 daAuts
Depths:4: 2047 daAuts
 Crypt:1: 2046 daAuts
   Elf:1: 1963 daAuts
Depths:2: 1962 daAuts
